 Dungeon Crawl Stone Soup version 0.31-a0-986-g5e6e4ef867 (webtiles) character file.

Game seed: 16909539224666840155

275 Firecrotchwizard the Magician (level 6, -10/47 HPs)
             Began as a Djinni Fire Elementalist on Nov 24, 2023.
             Killed by divine providence
             ... invoked by an orc priest
              (15 damage)
             ... on level 4 of the Dungeon.
             The game lasted 00:15:25 (2245 turns).

Firecrotchwizard the Magician (DjFE)                Turns: 2245, Time: 00:15:25

Health: -10/47     AC:  3    Str:  9    XL:     6   Next: 50%
Gold:   160        EV: 12    Int: 17    God:
                   SH:  0    Dex: 13

rFire   + + .        m - +2 dagger (venom)
rCold   x . .        (no shield)
rNeg    . . .        a - +0 robe
rPois   ∞            k - +0 helmet
rElec   .            (no cloak)
rCorr   .            (no gloves)
SInv    .            (boots unavailable)
Will    .....        (no amulet)
Stlth   ++           (no ring)
HPRegen 0.27/turn    (no ring)
MPRegen 0.00/turn

%: infuse magic (-11 HP)
@: flying
A: sickness immunity, fire resistance 2, cold vulnerability 1, float, innate
caster, HP casting, extra vitality 1
a: no special abilities


You were on level 4 of the Dungeon.
You visited 1 branch of the dungeon, and saw 4 of its levels.

You collected 160 gold pieces.

Inventory:

Hand Weapons
 i - a +0 dagger of venom
 m - a +2 dagger of venom (weapon)
 s - a +0 dagger
Missiles
 e - 8 poisoned darts
Armour
 a - a +0 robe (worn)
 b - a +0 hat
 k - a +0 helmet (worn)
Wands
 h - a wand of iceblast (15)
 p - a wand of charming (12)
Scrolls
 c - a scroll of fear {unknown}
 d - a scroll of acquirement {unknown}
 f - a scroll of torment {unknown}
 j - a scroll of identify {unknown}
 l - a scroll of vulnerability {unknown}
 n - a scroll of fog {unknown}
 o - a scroll of immolation {unknown}
 t - a scroll of amnesia {unknown}
Potions
 r - a potion of attraction {unknown}
 u - a potion of heal wounds {unknown}


   Skills:
 + Level 3.9 Fighting
 - Level 2.8 Dodging
 - Level 1.5 Stealth
 + Level 4.2 Spellcasting
 + Level 4.2 Conjurations
 + Level 4.2 Hexes
   Level 0.0 Charms
 + Level 4.2 Summonings
 + Level 4.2 Necromancy
 + Level 4.2 Translocations
 + Level 4.2 Transmutations
 + Level 4.2 Fire Magic
 + Level 4.2 Ice Magic
 + Level 4.2 Air Magic
 + Level 4.2 Earth Magic
 + Level 4.2 Poison Magic


You knew the following spells:

 Your Spells              Type           Power      Damage    Failure   Level
a - Foxfire               Conj/Fire      72%        2x1d7     2%          1
b - Scorch                Fire           36%        2d6       4%          2
c - Volatile Blastmotes   Fire/Tloc      36%        2d13      9%          3
d - Inner Flame           Hex/Fire       18%        N/A       9%          3
e - Flame Wave            Conj/Fire      18%        2d7       26%         4
f - Necrotise             Necr           72%        1d7       2%          1
g - Blink                 Tloc           36%        N/A       4%          2
Your spell library was empty.

Dungeon Overview and Level Annotations

Branches:
Dungeon (4/15)
 Temple: D:4-7

Altars:


Innate Abilities, Weirdness & Mutations

You are immune to sickness and miasma.
You are immune to poison.
Your flesh is very heat resistant. (rF++)
You are vulnerable to cold. (rC-)
You float through the air rather than walking.
You learn spells naturally, not from books.
Your magical power is your life essence.
You have superior vitality. (+4 MHP)


Message History

You barely miss the gnoll.
The gnoll is severely wounded.
The foxfire hits the orc but does no damage.
The orc is severely wounded.
The foxfire hits the orc but does no damage.
The orc is severely wounded.
The orc closely misses you.
A goblin comes into view. It is wielding a +0 club.
The gnoll hits you with a +0 whip.
* * * LOW HITPOINT WARNING * * *
Casting: Foxfire (safe; 2% risk of failure)
Confirm with . or Enter, or press ? or * to list all spells.
Flames lash something.
* * * LOW HITPOINT WARNING * * *
You hear an angry hiss.
An orc priest comes into view. It is wielding a +0 hand axe.
The gnoll hits you with a +0 whip.
* * * LOW HITPOINT WARNING * * *
Casting: Scorch (safe; 4% risk of failure)
Confirm with . or Enter, or press ? or * to list all spells.
Okay, then.
Casting: Scorch (safe; 4% risk of failure)
Confirm with . or Enter, or press ? or * to list all spells.
Okay, then.
Casting: Scorch (safe; 4% risk of failure)
Confirm with . or Enter, or press ? or * to list all spells.
You blink.
A ball python comes into view.
* * * LOW HITPOINT WARNING * * *
The gnoll is no longer more vulnerable to fire.
Your magical contamination has completely faded away.
Casting: Blink (safe; 4% risk of failure)
Confirm with . or Enter, or press ? or * to list all spells.
You are still too unstable to blink.
Casting: Blink (safe; 4% risk of failure)
Confirm with . or Enter, or press ? or * to list all spells.
You conjure some foxfire!
* * * LOW HITPOINT WARNING * * *
The foxfire hits the worm.
The worm is moderately wounded.
A sleepcap comes into view.
The foxfire hits the orc wizard but does no damage.
A kobold comes into view. It is wielding a +0 short sword.
Something tries to affect you, but you resist.
The orc wizard casts a spell.
The orc wizard flickers and vanishes!
It was a potion of cancellation.
You feel magically purged.
The kobold shouts!
Something hits you.
* * * LOW HITPOINT WARNING * * *
The ball python bites you but does no damage.
The ball python barely misses you.
It was a potion of invisibility.
You fade into invisibility!
The ball python barely misses you.
The orc priest mumbles some strange prayers to Beogh against you.
You struggle to resist.
Something hits you but does no damage.
The orc priest looks satisfied for a moment.
You feel ready to blink again.
Casting: Foxfire (safe; 2% risk of failure)
Confirm with . or Enter, or press ? or * to list all spells.
Okay, then.
You barely miss the gnoll.
The gnoll is severely wounded.
The gnoll hits you with a +0 whip.
* * * LOW HITPOINT WARNING * * *
The ball python closely misses you.
Unknown command.
You hit the gnoll.
The gnoll is almost dead.
The gnoll barely misses you. The ball python barely misses you.
You barely miss the gnoll.
The gnoll is almost dead.
The gnoll misses you. The ball python barely misses you.
A magic dart appears from out of thin air!
The magic dart hits the gnoll.
The gnoll dies!
Found a stone staircase leading down.
The orc priest calls upon Beogh to heal the orc.
The orc's wounds heal themselves!
There is a stone staircase leading down here.
An orc comes into view. It is wielding a +0 dagger.
The orc shouts!
You flicker for a moment.
An orc comes into view. It is wielding a +0 mace.
An orc comes into view. It is wielding a +0 club.
Found a stone staircase leading up.
An orc priest comes into view. It is wielding a +0 flail.
The orc shouts!
The orc priest moves out of view.
Found a buckler.
You flicker back into view.
The orc priest shouts!
The orc shouts!
Found 11 gold pieces.
The orc hits you with a +0 mace.
* * * LOW HITPOINT WARNING * * *
The orc priest mumbles some strange prayers to Beogh against you.
Beogh smites you!
You die...

#.........##
...................$)#
...........####.....w#
...[.......###.....Sf#
....................g#
...........###......o#
...........# #......o#
#$.......##########.#
#....@oKo.### #.###
.....###....o.#
####...# ###
##...#.###..o....
#...#..##.......
...o..o..o.......
..##...##.......... #
#.#######....... #.#
#....... #. #.......


You could see 2 orc priests, 3 orcs and a kobold.

Vanquished Creatures
  Ijyb (D:3)
  Natasha (thrice) (D:2)
  Robin (D:2)
  6 gnolls
  A worm (D:2)
  4 dart slugs
  4 orcs
  4 ball pythons
  12 endoplasms
  4 giant cockroaches
  5 hobgoblins
  4 jackals (D:2)
  3 kobolds
  A quokka (D:1)
  6 bats
  3 frilled lizards
  16 goblins
  3 rats
81 creatures vanquished.

Vanquished Creatures (others)
  A gnoll (D:4)
  186 foxfires
187 creatures vanquished.

Grand Total: 268 creatures vanquished

Notes
Turn   | Place    | Note
-------+----------+-------------------------------------------
     0 | D:1      | Firecrotchwizard the Djinni Fire Elementalist began the
                  | quest for the Orb.
     0 | D:1      | Firecrotchwizard set off with the following spells
                  | memorised: Foxfire, Scorch, Volatile Blastmotes, Inner
                  | Flame, Flame Wave.
     0 | D:1      | Reached XP level 1. HP: 15/15 MP: 0/0
    79 | D:1      | Reached XP level 2. HP: 19/22 MP: 0/0
   377 | D:1      | Reached skill level 1 in Fighting
   472 | D:1      | Reached XP level 3. HP: 27/27 MP: 0/0
   472 | D:1      | Learned a level 1 spell: Necrotise
   809 | D:2      | Reached XP level 4. HP: 28/33 MP: 0/0
   856 | D:2      | Noticed Natasha
   869 | D:2      | Killed Natasha
   906 | D:2      | Noticed Natasha
   914 | D:2      | Killed Natasha
   915 | D:2      | Reached XP level 5. HP: 8/39 MP: 0/0
   915 | D:2      | Learned a level 2 spell: Blink
  1097 | D:2      | Noticed Natasha
  1102 | D:2      | Killed Natasha
  1237 | D:2      | Noticed Robin
  1245 | D:2      | Killed Robin
  1693 | D:3      | Reached XP level 6. HP: 45/46 MP: 0/0
  1833 | D:3      | Noticed Ijyb
  1843 | D:3      | Killed Ijyb
  2245 | D:4      | Killed from afar by an orc priest

Illustrated notes

Levels and vault maps discovered:
D:1:      dpeg_arrival_round_b, layout_basic
D:2:      layout_loops_cross, uniq_natasha, uniq_robin
D:3:      layout_rooms, hangedman_abyss_or_decor_lesser_grid, uniq_ijyb
D:4:      layout_rooms, nicolae_vehumet_radiance, uniq_menkaure

Skill      XL: |  1  2  3  4  5 |
---------------+----------------+-----
Spellcasting   | 4 |  4.2
Conjurations   | 4 |  4.2
Hexes          | 4 |  4.2
Summonings     | 4 |  4.2
Necromancy     | 4 |  4.2
Translocations | 4 |  4.2
Transmutations | 4 |  4.2
Fire Magic     | 4 |  4.2
Ice Magic      | 4 |  4.2
Air Magic      | 4 |  4.2
Earth Magic    | 4 |  4.2
Poison Magic   | 4 |  4.2
Fighting       | 1 2 3 |  3.9
Dodging        | |  2.8
Stealth        | |  1.5

Action                     |  1- 3 |  4- 6 || total
---------------------------+-------+-------++-------
  Melee: Unarmed           |     6 |       ||     6
         Dagger            |    29 |    35 ||    64
   Cast: Foxfire           |    32 |    78 ||   110
         Scorch            |     4 |    13 ||    17
         Necrotise         |       |     3 ||     3
         Blink             |       |     1 ||     1
    Use: Potion            |       |     2 ||     2
   Stab: Sleeping          |     2 |     3 ||     5
 Armour: Robe              |    19 |    31 ||    50
  Dodge: Dodged            |    17 |    37 ||    54

Table legend: (Time is in decaauts)
 A = Elapsed time spent in this place.
 B = Non-inter-level travel time spent in this place.
 C = Inter-level travel time spent in this place.
 D = Time resting spent in this place.
 E = Time spent auto-exploring this place.
 F = Levels seen in this place.
 G = Mean time per level.
                   A        B        C        D        E       F      G
               +--------+--------+--------+--------+--------+-----+--------+
         Total |   2248 |   2200 |     48 |    147 |   1544 |   4 |  562.0 |
       Dungeon |   2248 |   2200 |     48 |    147 |   1544 |   4 |  562.0 |
               +--------+--------+--------+--------+--------+-----+--------+

Top non-repeatable levels by time:
     D:2: 903 daAuts
     D:1: 771 daAuts
     D:3: 517 daAuts
     D:4: 56 daAuts
